 Dungeon Crawl Stone Soup version 0.25-a0-1024-gbfbf38f2cb (webtiles) character file.

Game seed: 4245736175532514513, levelgen mode: deterministic

671979 MisterFreud the Omniscient (level 27, -2/287 HPs)
             Began as a Gnoll Fighter on May 12, 2020.
             Was the Champion of Ashenzari.
             Slain by an ancient lich (11 damage)
             ... on level 5 of the Realm of Zot.
             The game lasted 03:36:42 (73322 turns).

MisterFreud the Omniscient (Gnoll Fighter)         Turns: 73322, Time: 03:36:44

Health: -2/287     AC: 33    Str: 17 (19) XL:     27
Magic:  45/45      EV: 24    Int: 20 (21) God:    Ashenzari [******]
Gold:   4823       SH: 15    Dex: 13 (15) Spells: 12/62 levels left

rFire    . . .     SeeInvis +   J - +12 Vampire's Tooth {vamp} (curse)
rCold    + . .     Gourm    .   c - +3 warlock's mirror {reflect} (curse)
rNeg     + . .     Faith    .   (armour currently unavailable)
rPois    ∞         Spirit   .   Z - +0 mask of the Dragon {MR+ Slay+3 SInv}
rElec    +         Reflect  +   F - +2 cloak {rC+}
rCorr    +         Harm     .   (gloves currently unavailable)
MR       +++..     Clarity  +   (boots currently unavailable)
Stlth    +++++++...             l - +3 amulet of reflection (curse)
HPRegen  0.57/turn              A - ring of resist corrosion (curse)
MPRegen  0.29/turn              Y - +2 ring of slaying (curse)

@: about to teleport, statue-form, marked, no potions, studying 4 skills, very
slow
A: distributed training, fangs 1, blurry vision 1, clumsy 1, strong nose
}: 4/15 runes: serpentine, barnacled, slimy, silver
a: End Transformation, Curse Item, Scrying, Renounce Religion


You were on level 5 of the Realm of Zot.
You worshipped Ashenzari.
Ashenzari was exalted by your worship.
You were hungry.
You were a stone statue.
You visited 11 branches of the dungeon, and saw 55 of its levels.
You visited 2 bazaars.
You also visited: Sewer, Ice Cave and Volcano.

You collected 8052 gold pieces.
You spent 3229 gold pieces at shops.

Inventory:

Hand Weapons
 J - the cursed +12 Vampire's Tooth (weapon) {vamp}
   (You bought it in a shop on level 2 of the Orcish Mines)

   It inflicts no extra harm, but heals its wielder when it wounds a living foe.
   It has a curse placed upon it.
 S - a +6 demon whip of electrocution
Missiles
 R - 9 throwing nets (quivered)
Armour
 c - the cursed +3 warlock's mirror (worn) {reflect}
   (You found it on level 9 of the Dungeon)

   It has a curse placed upon it.
 j - a +2 pair of boots (melded)
 y - the quicksilver dragon scales of Inetseiq (melded) {rElec rF+ MR+ Str+6}
   (You found it on level 1 of the Shoals)

   It affects your strength (+6).
   It protects you from fire.
   It insulates you from electricity.
   It affects your resistance to hostile enchantments.
 F - a +2 cloak of cold resistance (worn)
 H - a +2 pair of gloves of strength (melded)
 Z - the +0 mask of the Dragon (worn) {MR+ Slay+3 SInv}
   (You found it on level 5 of the Depths)

   It affects your accuracy and damage with ranged weapons and melee attacks
   (+3).
   It affects your resistance to hostile enchantments.
   It lets you see invisible.
Jewellery
 l - a cursed +3 amulet of reflection (around neck)
 A - a cursed ring of resist corrosion (left hand)
 T - the ring "Xaboaps" {rF++ rN+ Int+2}
   (You found it on level 1 of the Realm of Zot)

   [ring of intelligence]

   It affects your intelligence (+2).
   It greatly protects you from fire.
   It protects you from negative energy.
 Y - a cursed +2 ring of slaying (right hand)
Wands
 k - a wand of polymorph (28)
 p - a wand of iceblast (20)
 q - a wand of acid (32)
 D - a wand of clouds (7)
 K - a wand of digging (13)
 M - a wand of enslavement (38)
 Q - a wand of paralysis (59)
 X - a wand of disintegration (69)
Scrolls
 d - a scroll of enchant weapon
 e - 6 scrolls of blinking
 n - 3 scrolls of enchant armour
 s - 13 scrolls of fog
 x - 13 scrolls of remove curse
 z - 18 scrolls of amnesia
 C - 33 scrolls of identify
 E - 23 scrolls of teleportation
 L - 4 scrolls of silence
 N - a scroll of holy word
 O - 4 scrolls of fear
 P - 10 scrolls of magic mapping
Potions
 g - 11 potions of stabbing
 h - 9 potions of haste
 o - 12 potions of mutation
 r - 26 potions of curing
 t - 2 potions of cancellation
 w - 4 potions of magic
 G - a potion of resistance
 V - 4 potions of ambrosia
 W - 10 potions of heal wounds
Books
 i - a manual of Necromancy
 m - a manual of Staves
 v - a manual of Fire Magic
 B - a manual of Invocations
Miscellaneous
 b - 4 boxes of beasts
 u - a tin of tremorstones (3/3)
 I - a phial of floods
 U - 3 phantom mirrors
Comestibles
 f - 71 rations


   Skills:
 + Level 19.1 Fighting
 + Level 18.8(22.4) Short Blades
 + Level 18.4 Long Blades
 + Level 18.4 Axes
 + Level 18.4 Maces & Flails
 + Level 18.4 Polearms
 + Level 19.9 Staves
 + Level 18.4 Slings
 + Level 18.4 Bows
 + Level 18.4 Crossbows
 + Level 18.4 Throwing
 + Level 19.1 Armour
 + Level 18.4 Dodging
 + Level 18.4 Stealth
 + Level 19.1(21.4) Shields
 + Level 18.4 Unarmed Combat
 + Level 18.4 Spellcasting
 + Level 15.8(19.7) Conjurations
 + Level 15.8(19.7) Hexes
 + Level 15.8(19.7) Charms
 + Level 15.8(19.7) Summonings
 + Level 17.7(21.4) Necromancy
 + Level 15.8(19.7) Translocations
 + Level 15.8(19.7) Transmutations
 + Level 18.6(22.2) Fire Magic
 + Level 15.8(19.7) Ice Magic
 + Level 15.8(19.7) Air Magic
 + Level 15.8(19.7) Earth Magic
 + Level 15.8(19.7) Poison Magic
 + Level 23.6 Invocations
 + Level 18.4(22.0) Evocations


You had 12 spell levels left.
You knew the following spells:

 Your Spells              Type           Power        Failure   Level  Hunger
a - Tukima's Dance        Hex            #######.     0%          3    None
b - Statue Form           Tmut/Erth      #######..    1%          6    ####...
c - Invisibility          Hex            #######.     1%          6    ####...
d - Blink                 Tloc           N/A          0%          2    None
e - Borgnjor's Vile Clut  Necr/Erth      #######...   1%          5    ##.....
f - Irradiate             Conj/Tmut      #######...   1%          5    ##.....
g - Controlled Blink      Tloc           N/A          6%          8    #######
h - Lehudib's Crystal Sp  Conj/Erth      #######...   6%          8    #######
i - Spellforged Servitor  Conj/Summ      #######...   1%          7    ######.

Your spell library contained the following spells:

 Spells                   Type           Power        Failure   Level  Hunger
 Animate Skeleton         Necr           N/A          0%          1    None
 Apportation              Tloc           ######       0%          1    None
 Beastly Appendage        Tmut           ######       0%          1    None
 Corona                   Hex            #######      0%          1    None
 Foxfire                  Conj/Fire      ####         0%          1    None
 Freeze                   Ice            ####         0%          1    None
 Infusion                 Chrm           ####         0%          1    None
 Magic Dart               Conj           ####         0%          1    None
 Pain                     Necr           ####         0%          1    None
 Shock                    Conj/Air       ####         0%          1    None
 Sting                    Tmut/Pois      ####         0%          1    None
 Summon Butterflies       Summ           #######.     0%          1    None
 Summon Small Mammal      Summ           ####         0%          1    None
 Call Imp                 Summ           #######.     0%          2    None
 Corpse Rot               Necr/Air       N/A          0%          2    None
 Ensorcelled Hibernation  Hex/Ice        ######       0%          2    None
 Poisonous Vapours        Pois/Air       ######       0%          2    None
 Searing Ray              Conj           ######       0%          2    None
 Shroud of Golubria       Chrm/Tloc      ######       0%          2    None
 Song of Slaying          Chrm           #######.     0%          2    None
 Sticks to Snakes         Tmut           #######.     0%          2    None
 Sublimation of Blood     Necr           #######...   0%          2    None
 Swiftness                Chrm/Air       #######.     0%          2    None
 Call Canine Familiar     Summ           #######.     0%          3    None
 Confusing Touch          Hex            #######.     0%          3    None
 Dazzling Flash           Conj/Hex       ######       0%          3    None
 Frozen Ramparts          Ice            ######       0%          3    None
 Gell's Gravitas          Tloc           #######...   0%          3    None
 Ignite Poison            Fire/Tmut/Pois #######.     0%          3    None
 Lesser Beckoning         Tloc           #######...   0%          3    None
 Mephitic Cloud           Conj/Pois/Air  #######.     0%          3    None
 Ozocubu's Armour         Chrm/Ice       #######.     0%          3    None
 Portal Projectile        Hex/Tloc       ######       0%          3    None
 Spectral Weapon          Hex/Chrm       #######.     0%          3    None
 Spider Form              Tmut/Pois      #######...   0%          3    None
 Static Discharge         Conj/Air       #######.     0%          3    None
 Stone Arrow              Conj/Erth      ######       0%          3    None
 Summon Guardian Golem    Hex/Summ       #######.     0%          3    None
 Vampiric Draining        Necr           #######...   0%          3    None
 Animate Dead             Necr           N/A          0%          4    None
 Cause Fear               Hex            #######...   0%          4    None
 Fulminant Prism          Conj/Hex       #######...   0%          4    None
 Hailstorm                Conj/Ice       #######.     0%          4    None
 Ice Form                 Ice/Tmut       #######.     0%          4    None
 Iskenderun's Mystic Bla  Conj/Tloc      #######.     0%          4    None
 Leda's Liquefaction      Hex/Erth       #######...   0%          4    None
 Olgreb's Toxic Radiance  Pois           #######.     0%          4    None
 Petrify                  Tmut/Erth      #######.     0%          4    None
 Summon Ice Beast         Ice/Summ       #######.     0%          4    None
 Summon Lightning Spire   Summ/Air       #######.     0%          4    None
 Agony                    Necr           #######.     0%          5    ##.....
 Fireball                 Conj/Fire      #######...   0%          5    ##.....
 Alistair's Intoxication  Tmut/Pois      #######.     1%          5    ##.....
 Blade Hands              Tmut           #######...   1%          5    ##.....
 Bolt of Magma            Conj/Fire/Erth #######...   1%          5    ##.....
 Excruciating Wounds      Chrm/Necr      #######...   1%          5    ##.....
 Iskenderun's Battlesphe  Conj/Chrm      #######.     1%          5    ##.....
 Lightning Bolt           Conj/Air       #######...   1%          5    ##.....
 Metabolic Englaciation   Hex/Ice        #######...   1%          5    ##.....
 Silence                  Hex/Air        #######...   1%          5    ##.....
 Summon Forest            Summ/Tloc      #######...   1%          5    ##.....
 Yara's Violent Unravell  Hex/Tmut       #######...   1%          5    ##.....
 Darkness                 Hex            #######...   1%          6    ####...
 Dispersal                Tloc           #######...   1%          6    ####...
 Eringya's Noxious Bog    Tmut/Pois      #######...   1%          6    ####...
 Hydra Form               Tmut           #######...   1%          6    ####...
 Iron Shot                Conj/Erth      #######...   1%          6    ####...
 Shadow Creatures         Summ           N/A          1%          6    ####...
 Simulacrum               Ice/Necr       #######...   1%          6    ####...
 Starburst                Conj/Fire      #######...   1%          6    ####...
 Dragon Form              Tmut           #######...   1%          7    ######.
 Malign Gateway           Summ/Tloc      #######...   1%          7    ######.
 Monstrous Menagerie      Summ           #######...   1%          7    ######.
 Orb of Destruction       Conj           #######...   1%          7    ######.
 Ring of Flames           Chrm/Fire      #######...   1%          7    ######.
 Summon Greater Demon     Summ           #######...   1%          7    ######.
 Summon Hydra             Summ           #######...   1%          7    ######.
 Ignition                 Fire           #######...   1%          8    #######
 Chain Lightning          Conj/Air       #######...   6%          8    #######
 Discord                  Hex            #######...   6%          8    #######
 Disjunction              Tloc           #######...   6%          8    #######
 Summon Horrible Things   Summ           #######...   6%          8    #######
 Fire Storm               Conj/Fire      #######...   47%         9    #######
 Absolute Zero            Ice            #######...   65%         9    #######
 Dragon's Call            Summ           #######...   65%         9    #######
 Shatter                  Erth           #######...   65%         9    #######
 Tornado                  Air            #######...   65%         9    #######


Dungeon Overview and Level Annotations

Branches:
Dungeon (15/15)            Temple (0/1) D:6            Lair (6/6) D:11
 Shoals (4/4) Lair:4        Snake (4/4) Lair:4        Slime (5/5) Lair:6
    Orc (2/2) D:9             Elf (3/3) Orc:2        Vaults (5/5) D:14
  Crypt (1/3) Vaults:3     Depths (5/5) D:15            Zot (5/5) Depths:5
  Sewer (visited)           IceCv (visited)         Volcano (visited)

Altars:
Ashenzari
Dithmenos
Fedhas
Hepliaklqana
Kikubaaqudgha
Okawaru
Ru
Uskayaw
Wu Jian
Xom
Yredelemnul
Zin
The Shining One
Beogh
Jiyva

Shops:
D:15 (   Orc:2 (!%   Elf:1 }   Elf:3 }   Snake:2 %=*   Snake:3 :}   Snake:4 !
Vaults:3 }   Depths:3 %

Portals:
Hell: Depths:1 Depths:2 Depths:3 Depths:4 Depths:5
Abyss: Depths:2 Depths:3 Depths:4
Pandemonium: Depths:1 Depths:3 Depths:4
Ziggurat: Depths:4
Trove: D:13 (lose all piety)

Annotations:
D:5 3 runed translucent doors, Flugslaktarn's ghost, novice MiFi
Lair:1 exclusion: oklob plant
Snake:4 2 transporters, Fyemash's ghost, adept DsBe
Elf:2 2 transporters, Daamyrhor's ghost, journeyman TrFi
Crypt:1 1 transporter
Depths:3 3 runed translucent doors, Dodoriul's ghost, veteran TeFE; Yclojo's ghost, veteran MfFi
Depths:4 exclusion: downstairs
Zot:5 exclusion: obsidian statue


Innate Abilities, Weirdness & Mutations

Your experience applies equally to all skills.
You have very sharp teeth.
Your uncanny sense of smell can sniff out nearby items.
Scrolls take you a little longer to read.
You are clumsy. (Dex -2)
((You are covered in fur. (AC +1)))


Message History

The mark upon you grows brighter.
The ancient lich mumbles some strange words.
The ancient lich flickers and vanishes for a moment.
The Killer Klown laughs merrily.
You hear a shout!
As you read the scroll of fog, it crumbles to dust.
The scroll dissolves into smoke.
You hear a shout!
The Killer Klown is no longer mute.
The orb of fire emits a lurid red light.
Your cursed +3 warlock's mirror {reflect} reflects the bolt of fire!
The bolt of fire hits the orb of fire.
The orb of fire completely resists.
The Orb Guardian disappears!
The Killer Klown blinks!
You hear a loud "Zot"!
The orb of fire glows red.
Your cursed +3 warlock's mirror {reflect} reflects the bolt of fire!
The bolt of fire hits the orb of fire.
The orb of fire completely resists.
An Orb Guardian comes into view.
The Killer Klown blinks!
The ancient lich touches you!
You die...

,,....,,,,,,,,,****
*,XXX8##▓▓▓▓▓▓▓▓▓▓▓#
,,.............^.{.###
,,............X##.{.{## #
,,.......§.p....###...###########
^,.........p.X...###.............
..........X.X..^X# ##............
....X....XXX§§X*z# #............
.....X§.X..L.§§L8# ##...^.......
...........X.§§X.# #...........
........L...{§§§.# ##...........
.....^....L....§## #............
.......XX..{...## *#............
^.............## *.............
###############▓▓▓▓########.#####
.........#*......##..#....^....).
..##..##..##......##.........##..


You could see an orb of fire, 2 Killer Klowns, an ancient lich (fast), a death
cob and 5 Orb Guardians.

Vanquished Creatures
  the Royal Jelly (Slime:5)
  An orb of fire (Zot:1)
  Mara (Vaults:5)
  4 ancient liches
  A juggernaut (Depths:5)
  A greater mummy (Depths:4)
  Sojobo (Vaults:4)
  The ghost of Saad the Executioner, a veteran MiBe of Trog (Depths:5)
  The ghost of Duluatze the End of an Era, a veteran MiFi of Qazlal (Depths:5)
  6 curse toes
  Bai Suzhen (Vaults:5)
  12 golden dragons
  5 caustic shrikes (Depths:5)
  A bone dragon (Depths:5)
  Rupert (D:14)
  5 electric golems
  16 tentacled monstrosities
  2 deep elf master archers (Elf:3)
  2 Ice Fiends (IceCv)
  7 Orb Guardians (Zot:5)
  5 titans
  6 liches
  3 deep elf blademasters
  3 quicksilver dragons
  7 sphinxes
  18 acid blobs
  12 death cobs
  Donald (Vaults:1)
  7 shadow dragons
  7 tengu reavers
  Roxanne (Snake:4)
  11 storm dragons
  4 draconian monks
  8 azure jellies
  9 nagarajas
  11 fire giants
  An iron dragon (Vaults:5)
  6 ghost moths
  6 deep elf sorcerers
  5 draconian knights
  Louise (Depths:3)
  7 frost giants
  Aizul (Snake:2)
  11 draconian scorchers
  6 vault wardens
  5 draconian stormcallers
  7 draconian shifters
  19 ironheart preservers
  4 deep elf elementalists
  5 draconian annihilators
  18 stone giants
  3 war gargoyles (Vaults:5)
  A spriggan defender (Depths:2)
  17 very ugly things
  4 vampire knights
  4 entropy weavers
  11 green draconians
  Nessos (D:13)
  7 deep elf demonologists
  7 deep elf annihilators
  18 white draconians
  6 spark wasps
  14 black draconians
  16 purple draconians
  Azrael (D:13)
  A dire elephant (D:15)
  5 yellow draconians
  Snorg (D:12)
  4 red draconians
  12 ettins
  8 deep elf death magi
  11 merfolk impalers
  A merfolk javelineer (Shoals:4)
  5 deep elf high priests
  4 mummy priests (Depths:4)
  8 death oozes
  Erolcha (D:13)
  Josephine (Orc:1)
  23 yaktaur captains
  14 fire dragons
  6 hydras
  12 great orbs of eyes
  27 vault guards
  15 naga warriors
  Harold (D:8)
  2 spriggan air magi
  11 ice dragons
  8 rakshasas
  16 anacondas
  6 merfolk aquamancers
  3 merfolk avatars
  A catoblepas (Lair:6)
  5 satyrs
  13 ogre magi
  13 centaur warriors
  3 alligator snapping turtles
  2 satyrs (shapeshifter)
  5 deep troll shamans
  7 death yaks
  46 two-headed ogres
  5 deep troll earth magi
  24 dancing weapons
  2 vampire magi
  An orc high priest (Elf:2)
  21 naga sharpshooters
  20 deep elf knights
  A shock serpent (shapeshifter) (D:15)
  5 tengu warriors
  8 shock serpents
  A soul eater (Depths:2)
  2 spriggan berserkers
  11 hell knights
  11 sea snakes
  A small abomination (Elf:3)
  2 salamander mystics
  3 glowing orange brains
  2 shadow wraiths
  An unseen horror (D:14)
  A swamp dragon (Lair:6)
  An iron troll (Depths:2)
  20 deep trolls
  A tengu zombie (Depths:2)
  3 flayed ghosts
  12 deep elf archers
  13 ironbrand convokers
  8 naga ritualists
  2 harpies (shapeshifter)
  3 wizards
  13 orc knights
  5 phantasmal warriors
  12 harpies
  5 necromancers
  55 ugly things
  11 orc sorcerers
  10 mana vipers
  A mana viper (shapeshifter) (Vaults:4)
  A wolf spider (shapeshifter) (Depths:5)
  A sphinx skeleton (Depths:2)
  10 cyclopes
  17 fauns
  48 deep elf magi
  6 wolf spiders
  15 salamanders
  5 shining eyes
  19 moths of wrath
  16 manticores
  A tengu skeleton (Depths:2)
  24 guardian serpents
  4 centaur zombies
  44 black mambas
  9 merfolk sirens
  A guardian serpent (shapeshifter) (Depths:1)
  17 naga magi
  A black mamba (shapeshifter) (Vaults:1)
  2 ice statues (IceCv)
  9 apocalypse crabs (Zot:1)
  2 spiny frogs (shapeshifter)
  9 water nymphs
  11 spiny frogs
  8 vault sentinels
  6 eyes of devastation
  An efreet (D:14)
  4 rime drakes
  5 komodo dragons
  48 yaktaurs
  A kobold demonologist (D:12)
  9 freezing wraiths
  A hellwing (Depths:2)
  12 ice devils (IceCv)
  A spriggan skeleton (Depths:2)
  5 guardian mummies (Depths:4)
  A red devil (Depths:2)
  3 polar bears
  8 tengu conjurers
  2 polar bears (shapeshifter)
  A troll (shapeshifter) (Depths:2)
  6 trolls
  A tengu simulacrum (Vaults:2)
  83 slime creatures
  3 blink frogs (Lair:5)
  2 jumping spiders
  6 wind drakes
  7 hornets
  A raiju (shapeshifter) (Depths:2)
  A wind drake (shapeshifter) (Vaults:4)
  A harpy skeleton (Crypt:1)
  34 merfolk
  10 dream sheep
  12 hippogriffs
  A meliai zombie (D:13)
  11 snapping turtles
  Prince Ribbit (D:6)
  A fire giant simulacrum (Vaults:2)
  6 redbacks
  22 water elementals
  2 shadows (D:14)
  37 yaks
  3 spriggans (Depths:4)
  A tarantella (Vaults:4)
  8 wraiths
  A yak (shapeshifter) (Vaults:4)
  2 vampires
  An air elemental (Elf:3)
  A basilisk (shapeshifter) (Vaults:4)
  17 humans
  11 wyverns
  9 fire bats
  7 fire elementals
  A golden eye (shapeshifter) (Elf:2)
  4 hogs (D:8)
  5 golden eyes
  4 hungry ghosts
  3 basilisks
  A steam dragon (Lair:6)
  13 vampire mosquitoes
  Grum (D:11)
  A redback simulacrum (D:15)
  12 wargs
  53 nagas
  A human skeleton (Depths:2)
  29 water moccasins
  7 acid dragons
  2 hell hounds (D:13)
  29 orc warriors
  9 porcupines
  2 swamp drakes (Lair:6)
  Purgy (Sewer)
  3 phantoms
  6 black bears
  4 sky beasts
  A necrophage (D:10)
  5 ice beasts
  41 ogres
  4 boggarts
  2 eyes of draining (Slime:5)
  19 wolves
  23 centaurs
  12 crocodiles
  3 big kobolds
  11 bullfrogs
  An earth elemental (Elf:3)
  An elf skeleton (Crypt:1)
  2 wyvern skeletons
  7 scorpions
  18 wights
  7 killer bees
  5 howler monkeys
  6 electric eels
  9 crimson imps
  3 lava snakes (Volcano)
  2 bullfrog zombies (D:9)
  9 hounds
  5 jellies
  A quasit (D:9)
  16 orc priests
  A gnoll shaman (D:4)
  5 centaur skeletons
  43 orc wizards
  Jessica (D:2)
  Terence (D:3)
  3 iguanas
  11 worker ants
  A lightning spire (Zot:3)
  A killer bee zombie (D:10)
  A hound zombie (D:9)
  A spectral worker ant (D:9)
  A hound skeleton (D:8)
  2 worker ant zombies
  6 gnolls
  18 adders
  4 shadow imps
  9 white imps
  5 ufetubi (IceCv)
  3 oozes
  2 adder zombies
  2 adder skeletons
  4 worms
  2 dart slugs
  7 leopard geckos
  136 orcs
  4 giant cockroaches
  6 goblins
  6 hobgoblins
  6 jackals
  22 kobolds
  4 quokkas
  A ball python (D:2)
  8 bats
  6 frilled lizards
  A jackal skeleton (D:6)
  2 leopard gecko zombies
  A quokka zombie (D:8)
  12 rats
  A crawling corpse (Vaults:5)
2444 creatures vanquished.

Vanquished Creatures (collateral kills)
  A fire giant (Vaults:4)
  An ice dragon (Vaults:4)
  Urug (D:13)
  A redback (Vaults:4)
4 creatures vanquished.

Vanquished Creatures (others)
  Margery (Vaults:5)
  Nikola (Vaults:3)
  A tentacled monstrosity (Depths:2)
  A tengu reaver (Depths:2)
  An iron dragon (Depths:2)
  A vault warden (Vaults:5)
  A draconian shifter (Zot:3)
  A deep elf death mage (Elf:3)
  2 merfolk javelineers
  An ice dragon (Depths:4)
  A satyr (Shoals:4)
  3 deep troll earth magi
  A deep elf knight (Elf:2)
  A shadow wraith (Vaults:4)
  A deep troll (Depths:3)
  A harpy (Shoals:4)
  An ironbrand convoker (Vaults:5)
  An orc knight (Vaults:1)
  2 fauns (Shoals:4)
  A merfolk siren (Shoals:2)
  A water nymph (Shoals:4)
  3 yaktaurs
  A slime creature (Depths:2)
  A water elemental (Shoals:3)
  A shadow (D:13)
  2 nagas (Snake:4)
  A black bear (shapeshifter) (Depths:2)
  An iguana (Lair:6)
  A white imp (IceCv)
  4 ufetubi (IceCv)
  A crawling corpse (Vaults:5)
  15 fungi
  37 plants
  6 withered plants (Depths:3)
99 creatures vanquished.

Grand Total: 2547 creatures vanquished

Notes
Turn   | Place    | Note
-------+----------+-------------------------------------------
     0 | D:1      | MisterFreud the Gnoll Fighter began the quest for the Orb.
     0 | D:1      | Reached XP level 1. HP: 23/23 MP: 1/1
    44 | D:1      | Found a shattered altar of Ashenzari.
   116 | D:1      | Became a worshipper of Ashenzari the Shackled
   148 | D:1      | Reached XP level 2. HP: 29/29 MP: 2/2
   858 | D:2      | Reached XP level 3. HP: 34/35 MP: 3/3
   870 | D:2      | Found a hazy altar of Hepliaklqana.
   928 | D:2      | Noticed Jessica
   934 | D:2      | Killed Jessica
   934 | D:2      | Reached skill level 1 in Long Blades
   934 | D:2      | Reached skill level 1 in Axes
   934 | D:2      | Reached skill level 1 in Maces & Flails
   934 | D:2      | Reached skill level 1 in Polearms
   934 | D:2      | Reached skill level 1 in Staves
   934 | D:2      | Reached skill level 1 in Slings
   934 | D:2      | Reached skill level 1 in Bows
   934 | D:2      | Reached skill level 1 in Crossbows
   934 | D:2      | Reached skill level 1 in Throwing
   934 | D:2      | Reached skill level 1 in Dodging
   934 | D:2      | Reached skill level 1 in Stealth
   934 | D:2      | Reached skill level 1 in Unarmed Combat
   934 | D:2      | Reached skill level 1 in Spellcasting
   934 | D:2      | Reached skill level 1 in Invocations
   934 | D:2      | Reached skill level 1 in Evocations
   934 | D:2      | Reached XP level 4. HP: 38/41 MP: 3/5
  1076 | D:2      | Found an iron altar of Okawaru.
  1156 | D:2      | Found a faded altar of an unknown god.
  1722 | D:3      | Reached skill level 1 in Conjurations
  1722 | D:3      | Reached skill level 1 in Hexes
  1722 | D:3      | Reached skill level 1 in Charms
  1722 | D:3      | Reached skill level 1 in Summonings
  1722 | D:3      | Reached skill level 1 in Necromancy
  1722 | D:3      | Reached skill level 1 in Translocations
  1722 | D:3      | Reached skill level 1 in Transmutations
  1722 | D:3      | Reached skill level 1 in Fire Magic
  1722 | D:3      | Reached skill level 1 in Ice Magic
  1722 | D:3      | Reached skill level 1 in Air Magic
  1722 | D:3      | Reached skill level 1 in Earth Magic
  1722 | D:3      | Reached skill level 1 in Poison Magic
  1774 | D:3      | Reached XP level 5. HP: 36/47 MP: 5/7
  1834 | D:3      | Noticed Terence
  2072 | D:3      | Reached * piety under Ashenzari
  2074 | D:3      | Found a glowing drain.
  2083 | Sewer    | Entered a sewer
  2128 | Sewer    | Noticed Purgy
  2137 | Sewer    | Killed Purgy
  2137 | Sewer    | Reached skill level 2 in Invocations
  2137 | Sewer    | Reached XP level 6. HP: 53/53 MP: 8/8
  2361 | D:3      | Killed Terence
  2361 | D:3      | Reached skill level 5 in Short Blades
  2986 | D:3      | Reached XP level 7. HP: 39/59 MP: 10/10
  3108 | D:3      | Found a glowing silver altar of Zin.
  3573 | D:4      | Found a hide-covered altar of Uskayaw.
  4288 | D:4      | Reached skill level 3 in Invocations
  4615 | D:5      | Entered Level 5 of the Dungeon
  4640 | D:5      | Reached XP level 8. HP: 67/67 MP: 12/12
  4869 | D:5      | Found a runed translucent gate.
  4870 | D:5      | Found a runed translucent gate.
  4873 | D:5      | Found a runed translucent gate.
  4965 | D:5      | Noticed Flugslaktarn's ghost (novice MiFi)
  4994 | D:5      | Reached ** piety under Ashenzari
  5741 | D:6      | Reached skill level 4 in Invocations
  5886 | D:6      | Found a staircase to the Ecumenical Temple.
  5924 | D:6      | Reached XP level 9. HP: 24/72 MP: 14/14
  6260 | D:6      | Noticed Prince Ribbit
  6266 | D:6      | Killed Prince Ribbit
  6769 | D:7      | Found a transporter.
  6820 | D:7      | Found a transporter.
  6971 | D:7      | Found a shimmering altar of Xom.
  6996 | D:7      | Found a blossoming altar of Fedhas.
  7201 | D:7      | Found a glowing golden altar of the Shining One.
  7202 | D:7      | Found a sacrificial altar of Ru.
  7710 | D:8      | Reached skill level 5 in Invocations
  7832 | D:8      | Found a basalt altar of Yredelemnul.
  7835 | D:8      | Noticed a two-headed ogre
  7843 | D:8      | Killed a two-headed ogre
  7843 | D:8      | Reached XP level 10. HP: 80/80 MP: 15/17
  7897 | D:8      | Noticed a two-headed ogre
  7907 | D:8      | Killed a two-headed ogre
  7907 | D:8      | Reached skill level 5 in Long Blades
  7907 | D:8      | Reached skill level 5 in Axes
  7907 | D:8      | Reached skill level 5 in Maces & Flails
  7907 | D:8      | Reached skill level 5 in Polearms
  7907 | D:8      | Reached skill level 5 in Staves
  7907 | D:8      | Reached skill level 5 in Slings
  7907 | D:8      | Reached skill level 5 in Bows
  7907 | D:8      | Reached skill level 5 in Crossbows
  7907 | D:8      | Reached skill level 5 in Throwing
  7907 | D:8      | Reached skill level 5 in Dodging
  7907 | D:8      | Reached skill level 5 in Stealth
  7907 | D:8      | Reached skill level 5 in Unarmed Combat
  7907 | D:8      | Reached skill level 5 in Spellcasting
  7907 | D:8      | Reached skill level 5 in Evocations
  8934 | D:9      | Reached *** piety under Ashenzari
  8947 | D:9      | Reached skill level 6 in Invocations
  8952 | D:9      | Found a transporter.
  9009 | D:9      | Found the +3 warlock's mirror {reflect}
  9083 | D:9      | Noticed a two-headed ogre
  9090 | D:9      | Found a transporter.
  9117 | D:9      | Killed a two-headed ogre
  9117 | D:9      | Reached XP level 11. HP: 87/87 MP: 19/19
  9855 | D:9      | Found a staircase to the Orcish Mines.
  9867 | D:9      | Noticed Harold
 10383 | D:8      | Reached skill level 5 in Conjurations
 10383 | D:8      | Reached skill level 5 in Hexes
 10383 | D:8      | Reached skill level 5 in Charms
 10383 | D:8      | Reached skill level 5 in Summonings
 10383 | D:8      | Reached skill level 5 in Necromancy
 10383 | D:8      | Reached skill level 5 in Translocations
 10383 | D:8      | Reached skill level 5 in Transmutations
 10383 | D:8      | Reached skill level 5 in Fire Magic
 10383 | D:8      | Reached skill level 5 in Ice Magic
 10383 | D:8      | Reached skill level 5 in Air Magic
 10383 | D:8      | Reached skill level 5 in Earth Magic
 10383 | D:8      | Reached skill level 5 in Poison Magic
 10428 | D:8      | Killed Harold
 10688 | D:9      | Found an ornate altar of the Wu Jian Council.
 11125 | D:10     | Entered Level 10 of the Dungeon
 11709 | D:10     | Noticed a two-headed ogre
 11722 | D:10     | Killed a two-headed ogre
 11758 | D:10     | Reached skill level 7 in Invocations
 11952 | D:10     | Found a shadowy altar of Dithmenos.
 12031 | D:10     | Noticed a two-headed ogre
 12038 | D:10     | Killed a two-headed ogre
 12240 | D:11     | Noticed Grum
 12294 | D:11     | Killed Grum
 12585 | D:11     | Noticed a two-headed ogre
 12594 | D:11     | Killed a two-headed ogre
 12594 | D:11     | Reached XP level 12. HP: 57/96 MP: 22/22
 12994 | D:11     | Reached **** piety under Ashenzari
 13450 | D:11     | Found a staircase to the Lair.
 13591 | D:12     | Noticed a two-headed ogre
 14466 | D:12     | Noticed Snorg
 14515 | D:12     | Killed Snorg
 14515 | D:12     | Reached skill level 8 in Invocations
 15340 | D:12     | Reached skill level 10 in Fighting
 15340 | D:12     | Reached skill level 10 in Armour
 15340 | D:12     | Reached skill level 10 in Shields
 15950 | D:12     | Killed a two-headed ogre
 16204 | Lair:1   | Entered Level 1 of the Lair of Beasts
 16844 | Lair:1   | Reached XP level 13. HP: 82/103 MP: 24/24
 17920 | Lair:2   | Reached ***** piety under Ashenzari
 19583 | Lair:2   | Learned a level 3 spell: Tukima's Dance
 19644 | Lair:3   | Learned a level 6 spell: Statue Form
 19751 | Lair:3   | Identified the cursed +0 tower shield of Qazlal's Esteem
                  | {Str+3 Int+8 Dex-3}
 20112 | Lair:3   | Identified the +8 scimitar "Oref Ruego" {venom, Int+2
                  | Dex+5}
 20553 | Lair:4   | Found a staircase to the Snake Pit.
 20570 | Lair:4   | Found a staircase to the Shoals.
 20862 | Lair:4   | Found a dark tunnel.
 21112 | Volcano  | Entered a volcano
 21184 | Volcano  | Reached skill level 9 in Invocations
 21273 | Volcano  | Reached ****** piety under Ashenzari
 21275 | Volcano  | Found a radiant altar of Vehumet.
 21335 | Volcano  | Reached XP level 14. HP: 68/111 MP: 26/26
 21374 | Volcano  | Found a burning altar of Makhleb.
 22049 | Lair:5   | Reached skill level 10 in Short Blades
 22173 | Lair:5   | Got the uncursed leather armour "Reloobueda" {Int+3 Stlth+}
 22184 | Lair:5   | Identified the +2 leather armour "Reloobueda" {Int+3
                  | Stlth+} (You found it on level 5 of the Lair of Beasts)
 22926 | Lair:6   | Entered Level 6 of the Lair of Beasts
 22948 | Lair:6   | Reached XP level 15. HP: 109/118 MP: 28/28
 23286 | Lair:6   | Reached skill level 10 in Invocations
 23424 | Lair:6   | Identified the +11 trident of Strategic Superiority {venom,
                  | Dex+2}
 23513 | Lair:6   | Found a viscous altar of Jiyva.
 23514 | Lair:6   | Found a staircase to the Slime Pits.
 24178 | Lair:6   | Identified the cursed +0 rapier "Cuxeef Azing" {holy,
                  | *Noise rElec Dex+2}
 25049 | D:13     | Noticed Urug
 25058 | D:13     | Killed Urug
 25227 | D:13     | Noticed Azrael
 25266 | D:13     | Killed Azrael
 25739 | D:13     | Noticed Erolcha
 25743 | D:13     | Killed Erolcha
 25900 | D:13     | Noticed Nessos
 25910 | D:13     | Killed Nessos
 26384 | D:13     | Found a portal to a secret trove of treasure.
 26429 | D:14     | Found a gate to the Vaults.
 26429 | D:14     | Noticed Rupert
 26646 | D:14     | Killed Rupert
 26646 | D:14     | Reached skill level 10 in Long Blades
 26646 | D:14     | Reached skill level 10 in Axes
 26646 | D:14     | Reached skill level 10 in Maces & Flails
 26646 | D:14     | Reached skill level 10 in Polearms
 26646 | D:14     | Reached skill level 10 in Staves
 26646 | D:14     | Reached skill level 10 in Slings
 26646 | D:14     | Reached skill level 10 in Bows
 26646 | D:14     | Reached skill level 10 in Crossbows
 26646 | D:14     | Reached skill level 10 in Throwing
 26646 | D:14     | Reached skill level 10 in Dodging
 26646 | D:14     | Reached skill level 10 in Stealth
 26646 | D:14     | Reached skill level 10 in Unarmed Combat
 26646 | D:14     | Reached skill level 10 in Spellcasting
 26646 | D:14     | Reached skill level 10 in Evocations
 26784 | D:14     | Reached XP level 16. HP: 127/127 MP: 26/30
 27136 | D:14     | Reached skill level 11 in Invocations
 27701 | D:15     | Entered Level 15 of the Dungeon
 28328 | D:15     | Found a staircase to the Depths.
 28891 | Orc:1    | Entered Level 1 of the Orcish Mines
 28891 | Orc:1    | Noticed Josephine
 28928 | Orc:1    | Killed Josephine
 29889 | Orc:2    | Entered Level 2 of the Orcish Mines
 30157 | Orc:2    | Found Ewerir's Distillery.
 30157 | Orc:2    | Found Jecze's Antique Weapon Shoppe.
 30168 | Orc:2    | Bought the +12 Vampire's Tooth {vamp} for 1980 gold pieces
 30168 | Orc:2    | Found the +12 Vampire's Tooth {vamp}
 30200 | Orc:2    | Found a roughly hewn altar of Beogh.
 30211 | Orc:2    | Bought a potion of curing for 42 gold pieces
 30211 | Orc:2    | Bought a potion of curing for 42 gold pieces
 30264 | Orc:2    | Found Rilor's Food Boutique.
 30264 | Orc:2    | Found Wutirghe's Magic Scroll Shoppe.
 30739 | Orc:2    | Found a staircase to the Elven Halls.
 31543 | D:15     | Found Muzatrup's Weapon Emporium.
 32070 | Snake:1  | Entered Level 1 of the Snake Pit
 32312 | Snake:1  | Reached XP level 17. HP: 134/134 MP: 25/31
 32593 | Snake:2  | Found a frozen archway.
 32602 | IceCv    | Entered an ice cave
 33090 | IceCv    | Noticed an Ice Fiend
 33092 | IceCv    | Noticed an Ice Fiend
 33110 | IceCv    | Killed an Ice Fiend
 33115 | IceCv    | Killed an Ice Fiend
 33393 | IceCv    | Identified the Grimoire of the Ashen Glacier
 34165 | Snake:2  | Noticed Aizul
 34179 | Snake:2  | Killed Aizul
 34179 | Snake:2  | Reached skill level 12 in Invocations
 34599 | Snake:2  | Found Vuruit's Assorted Antiques.
 34599 | Snake:2  | Found Bizeh's Jewellery Emporium.
 34603 | Snake:2  | Found Nacoesm's Food Shoppe.
 34627 | Snake:2  | Bought a scroll labeled OWNUZX BUAQIUTAERI for 37 gold
                  | pieces
 35036 | Snake:3  | Found a flickering gateway to a bazaar.
 35051 | Bazaar   | Entered a bazaar
 35051 | Bazaar   | Found Ymuisch's Assorted Antiques.
 35061 | Bazaar   | Found Zaoqo's General Store.
 35071 | Bazaar   | Found Gimaicse's Antique Weapon Shop.
 35081 | Bazaar   | Found Taseck's Food Shoppe.
 35139 | Bazaar   | Bought a scroll of blinking for 172 gold pieces
 35139 | Bazaar   | Bought a wand of clouds (3) for 276 gold pieces
 35139 | Bazaar   | Bought a dented platinum amulet for 115 gold pieces
 36023 | Snake:3  | Reached XP level 18. HP: 143/143 MP: 33/33
 36180 | Snake:3  | Found Nargh's Gadget Emporium.
 36180 | Snake:3  | Found Vazacs's Book Shoppe.
 36298 | Snake:4  | Entered Level 4 of the Snake Pit
 36410 | Snake:4  | Found a transporter.
 36446 | Snake:4  | Reached skill level 10 in Conjurations
 36446 | Snake:4  | Reached skill level 10 in Hexes
 36446 | Snake:4  | Reached skill level 10 in Charms
 36446 | Snake:4  | Reached skill level 10 in Summonings
 36446 | Snake:4  | Reached skill level 10 in Necromancy
 36446 | Snake:4  | Reached skill level 10 in Translocations
 36446 | Snake:4  | Reached skill level 10 in Transmutations
 36446 | Snake:4  | Reached skill level 10 in Fire Magic
 36446 | Snake:4  | Reached skill level 10 in Ice Magic
 36446 | Snake:4  | Reached skill level 10 in Air Magic
 36446 | Snake:4  | Reached skill level 10 in Earth Magic
 36446 | Snake:4  | Reached skill level 10 in Poison Magic
 36819 | Snake:4  | Found Virpharoj's Distillery.
 36902 | Snake:4  | Bought a potion of heal wounds for 65 gold pieces
 36902 | Snake:4  | Bought a potion of heal wounds for 65 gold pieces
 36902 | Snake:4  | Bought a potion of heal wounds for 65 gold pieces
 36902 | Snake:4  | Bought a potion of haste for 130 gold pieces
 36966 | Snake:4  | Found a transporter.
 36966 | Snake:4  | Noticed Fyemash's ghost (adept DsBe)
 37099 | Snake:4  | Identified Roxanne's Catalogue of Transformation
 37099 | Snake:4  | Noticed Roxanne
 37130 | Snake:4  | Killed Roxanne
 37589 | Snake:4  | Reached skill level 13 in Invocations
 37872 | Snake:4  | Reached XP level 19. HP: 150/150 MP: 30/35
 37958 | Snake:4  | Got a serpentine rune of Zot
 38164 | Shoals:1 | Entered Level 1 of the Shoals
 38909 | Shoals:1 | Got the uncursed quicksilver dragon scales of Inetseiq
                  | {rElec rF+ MR+ Str+6}
 39276 | Shoals:1 | Identified the quicksilver dragon scales of Inetseiq {rElec
                  | rF+ MR+ Str+6} (You found it on level 1 of the Shoals)
 39655 | Shoals:2 | Learned a level 6 spell: Invisibility
 41172 | Shoals:3 | Identified a scroll of acquirement
 41177 | Shoals:3 | Identified the cursed +0 cloak "Racigg" {SInv} (You
                  | acquired it on level 3 of the Shoals)
 41649 | Shoals:4 | Entered Level 4 of the Shoals
 42142 | Shoals:4 | Got a barnacled rune of Zot
 42411 | Shoals:3 | Identified the Catalogue of Captivating Cold
 42626 | Shoals:4 | Reached XP level 20. HP: 159/159 MP: 36/36
 43364 | Vaults:1 | Entered Level 1 of the Vaults
 43364 | Vaults:1 | Noticed Donald
 43388 | Vaults:1 | Killed Donald
 43424 | Vaults:1 | Reached skill level 14 in Invocations
 45390 | Vaults:2 | Found a flickering gateway to a bazaar.
 45399 | Bazaar   | Entered a bazaar
 45406 | Bazaar   | Found Bom Xazirr's Antique Weapon Shop.
 45420 | Bazaar   | Found Ecuv Ysy's Food Boutique.
 45449 | Bazaar   | Found Migyjea's Food Boutique.
 45474 | Bazaar   | Found Tirchun's Food Boutique.
 46159 | Vaults:2 | Noticed a Brimstone Fiend
 46159 | Vaults:2 | Reached skill level 15 in Invocations
 46259 | Vaults:2 | Reached XP level 21. HP: 165/166 MP: 31/38
 46872 | Vaults:3 | Identified the ring of Pivoadau {*Contam MP+9 Int+4 Stlth+}
 46966 | Vaults:3 | Noticed Nikola
 46978 | Vaults:3 | Killed Nikola
 47558 | Vaults:3 | Found a staircase to the Crypt.
 47688 | Vaults:3 | Found Sauth's Gadget Shop.
 48651 | Vaults:4 | Reached skill level 15 in Fighting
 48651 | Vaults:4 | Reached skill level 15 in Armour
 48651 | Vaults:4 | Reached skill level 15 in Shields
 48948 | Vaults:4 | Reached skill level 16 in Invocations
 48967 | Vaults:4 | Identified the +3 morningstar "Hoileu" {venom, Int+3}
 49740 | Vaults:4 | Noticed Sojobo
 49763 | Vaults:4 | Reached XP level 22. HP: 174/175 MP: 40/40
 49792 | Vaults:4 | Killed Sojobo
 50327 | Elf:1    | Entered Level 1 of the Elven Halls
 50558 | Elf:1    | Found the +7 great mace "Firestarter" {inner flame, rF++}
 50689 | Elf:1    | Found Qegh's Gadget Shoppe.
 50701 | Elf:1    | Bought a box of beasts for 240 gold pieces
 51023 | Elf:1    | Identified the amulet "Tacarap" {Inacc rC+ MR++}
 51096 | Elf:2    | Found a transporter.
 51096 | Elf:2    | Noticed Daamyrhor's ghost (journeyman TrFi)
 51149 | Elf:2    | Found a transporter.
 51659 | Elf:2    | Found a huge runed translucent gate.
 51659 | Elf:2    | Found a huge runed translucent gate.
 51659 | Elf:2    | Found a huge runed translucent gate.
 51662 | Elf:2    | Found a huge runed translucent gate.
 51663 | Elf:2    | Found a huge runed translucent gate.
 52377 | Elf:2    | Reached skill level 17 in Invocations
 52398 | Elf:2    | Reached skill level 15 in Short Blades
 52592 | Elf:3    | Entered Level 3 of the Elven Halls
 52764 | Elf:3    | Found Xud Kiaj's Gadget Boutique.
 53098 | Elf:3    | Identified the +9 flail "Voum" {distort, MR+ Dex+7 SInv
                  | Stlth+}
 53522 | Elf:3    | Identified the +3 fire dragon scales "Weanela" {*Contam
                  | *Slow rF++ rC- MR++ Regen+ Str+4}
 53747 | Elf:3    | Reached XP level 23. HP: 183/183 MP: 36/41
 53956 | Elf:3    | Identified the Papyrus of Contamination and Transmigration
 53966 | Elf:3    | Identified the Collected Works on Arcane Weapons
 53970 | Elf:3    | Identified the +2 short sword "Tataopta" {chaos, Int+3}
 53999 | Elf:3    | Identified the Guide on the Quantum Frostbite
 54382 | Depths:1 | Entered Level 1 of the Depths
 54927 | Depths:1 | Found a gateway to Hell.
 55161 | Depths:1 | Found a one-way gate leading to the halls of Pandemonium.
 55558 | Depths:2 | Found a one-way gate to the infinite horrors of the Abyss.
 55705 | Depths:2 | Reached skill level 18 in Invocations
 55788 | Depths:2 | Reached skill level 15 in Long Blades
 55788 | Depths:2 | Reached skill level 15 in Axes
 55788 | Depths:2 | Reached skill level 15 in Maces & Flails
 55788 | Depths:2 | Reached skill level 15 in Polearms
 55788 | Depths:2 | Reached skill level 15 in Staves
 55788 | Depths:2 | Reached skill level 15 in Slings
 55788 | Depths:2 | Reached skill level 15 in Bows
 55788 | Depths:2 | Reached skill level 15 in Crossbows
 55788 | Depths:2 | Reached skill level 15 in Throwing
 55788 | Depths:2 | Reached skill level 15 in Dodging
 55788 | Depths:2 | Reached skill level 15 in Stealth
 55788 | Depths:2 | Reached skill level 15 in Unarmed Combat
 55788 | Depths:2 | Reached skill level 15 in Spellcasting
 55788 | Depths:2 | Reached skill level 15 in Evocations
 56710 | Depths:2 | Reached XP level 24. HP: 191/191 MP: 41/42
 57077 | Depths:3 | Found a runed translucent gate.
 57078 | Depths:3 | Found a runed translucent gate.
 57079 | Depths:3 | Found a runed translucent gate.
 57088 | Depths:3 | Noticed Dodoriul's ghost (veteran TeFE)
 57088 | Depths:3 | Noticed Yclojo's ghost (veteran MfFi)
 57297 | Depths:3 | Found Otuckar's Food Shop.
 57365 | Depths:3 | Noticed Louise
 57368 | Depths:3 | Killed Louise
 58772 | Depths:4 | Identified the +10 mace of Fate {elec, rElec rC- Int-4
                  | SInv}
 58932 | Depths:4 | Found a gateway to a ziggurat.
 59023 | Depths:4 | Reached skill level 19 in Invocations
 59707 | Depths:4 | Noticed a greater mummy
 59709 | Depths:4 | Killed a greater mummy
 60371 | Depths:5 | Entered Level 5 of the Depths
 60402 | Depths:5 | Found a runed translucent gate.
 60486 | Depths:5 | Found a runed translucent gate.
 60486 | Depths:5 | Found a runed translucent gate.
 60486 | Depths:5 | Found an ancient bone altar of Kikubaaqudgha.
 60486 | Depths:5 | Noticed Saad's ghost (veteran MiBe)
 60487 | Depths:5 | Identified the ring of the Heavens {rF+ rC- MP+9 Int+4
                  | SInv}
 60487 | Depths:5 | Noticed Duluatze's ghost (veteran MiFi)
 60488 | Depths:5 | Found the +0 mask of the Dragon {MR+ Slay+3 SInv}
 60488 | Depths:5 | Noticed an ancient lich
 60545 | Depths:5 | Killed an ancient lich
 60545 | Depths:5 | Reached XP level 25. HP: 199/199 MP: 42/42
 60707 | Depths:5 | Noticed a juggernaut
 60797 | Depths:5 | Killed a juggernaut
 61378 | Depths:5 | Reached skill level 15 in Fire Magic
 61426 | Depths:5 | Killed Saad's ghost
 61514 | Depths:5 | Killed Duluatze's ghost
 61866 | Depths:5 | Found a runed translucent door.
 62068 | Depths:5 | Found a gate to the Realm of Zot.
 62698 | Vaults:4 | Learned a level 2 spell: Blink
 62704 | Vaults:4 | Learned a level 5 spell: Borgnjor's Vile Clutch
 62710 | Vaults:4 | Learned a level 5 spell: Irradiate
 62710 | Vaults:4 | You fall into a shaft and drop 1 floor!
 62710 | Vaults:5 | Entered Level 5 of the Vaults
 62727 | Vaults:5 | Reached skill level 20 in Invocations
 63118 | Vaults:5 | Noticed Mara
 63153 | Vaults:5 | Noticed MisterFreud's illusion
 63170 | Vaults:5 | Killed Mara
 63347 | Vaults:5 | Noticed an ancient lich
 63351 | Vaults:5 | Identified the +2 war axe "Zigesom" {vamp, Dex+4}
 63361 | Vaults:5 | Killed an ancient lich
 63361 | Vaults:5 | Reached XP level 26. HP: 208/208 MP: 40/43
 63445 | Vaults:5 | Noticed Bai Suzhen
 63468 | Vaults:5 | Noticed an ancient lich
 63479 | Vaults:5 | Killed Bai Suzhen
 63500 | Vaults:5 | Killed an ancient lich
 63588 | Vaults:5 | Identified the +6 hand axe "Ifieth" {antimagic, rF+ rC+ rN+
                  | Int+3}
 64011 | Vaults:5 | Noticed Margery
 64048 | Vaults:5 | Reached skill level 15 in Necromancy
 64070 | Vaults:5 | Killed Margery
 64070 | Vaults:5 | Reached skill level 21 in Invocations
 64123 | Vaults:5 | Got a silver rune of Zot
 64191 | Vaults:5 | Found the +9 staff of Olgreb {rPois∞}
 64542 | Vaults:5 | Identified Nyobeo's Disquisition on the Mountains and Air
 65041 | Slime:1  | Entered Level 1 of the Pits of Slime
 65056 | Slime:1  | Learned a level 8 spell: Controlled Blink
 65065 | Slime:1  | Learned a level 8 spell: Lehudib's Crystal Spear
 65073 | Slime:1  | Learned a level 7 spell: Spellforged Servitor
 65258 | Slime:5  | Entered Level 5 of the Pits of Slime
 65552 | Slime:5  | Noticed the Royal Jelly
 65631 | Slime:5  | Found a viscous altar of Jiyva.
 65633 | Slime:5  | Identified the +5 flail "Meiffuv" {freeze, Int+4 Dex+4
                  | Stlth+}
 65633 | Slime:5  | Identified the cursed +0 spear of Calamity {protect, +Blink
                  | +Rage rPois}
 65656 | Slime:5  | Killed the Royal Jelly
 65656 | Slime:5  | Reached XP level 27. HP: 217/217 MP: 39/43
 66603 | Slime:5  | Identified the +10 dagger of Hushid {flame, *Slow +Inv
                  | Str-5 Int+9}
 66606 | Slime:5  | Gained mutation: Your body sometimes deteriorates upon
                  | taking damage. [a shining eye]
 66631 | Slime:5  | Found the +8 longbow "Zephyr" {speed, Dex+3 SInv}
 66643 | Slime:5  | Got a slimy rune of Zot
 66771 | Slime:5  | Identified the Compendium of Cankerous Sinister Arts
 67518 | Crypt:1  | Entered Level 1 of the Crypt
 67524 | Crypt:1  | Found a transporter.
 67581 | Crypt:1  | Identified the ring "Woweel" {MP+9 Dex+2 SInv}
 67583 | Crypt:1  | Identified the amulet "Xiagajom" {+Rage Dex+2}
 67583 | Crypt:1  | Identified the amulet of Gidajugi {*Contam +Rage rPois rF+
                  | Str+7}
 67810 | Zot:1    | Entered Level 1 of the Realm of Zot
 68121 | Zot:1    | Noticed an orb of fire
 68140 | Zot:1    | Killed an orb of fire
 68185 | Zot:1    | Gained mutation: You tend to lose your temper in combat.
                  | [mutagenic glow]
 68417 | Zot:1    | Identified the ring "Xaboaps" {rF++ rN+ Int+2}
 68439 | Zot:1    | Gained mutation: Your magical capacity is low. (-10% MP)
                  | [mutagenic glow]
 68931 | Zot:1    | Reached skill level 22 in Invocations
 69404 | Zot:1    | Lost mutation: Your body sometimes deteriorates upon taking
                  | damage. [potion of mutation]
 69404 | Zot:1    | Lost mutation: Your magical capacity is low. (-10% MP)
                  | [potion of mutation]
 69404 | Zot:1    | Lost mutation: You tend to lose your temper in combat.
                  | [potion of mutation]
 69404 | Zot:1    | Gained mutation: You possess an exceptional clarity of
                  | mind. [potion of mutation]
 69404 | Zot:1    | Gained mutation: You are covered in fur. (AC +1) [potion of
                  | mutation]
 69414 | Zot:2    | Reached skill level 15 in Conjurations
 69414 | Zot:2    | Reached skill level 15 in Hexes
 69414 | Zot:2    | Reached skill level 15 in Charms
 69414 | Zot:2    | Reached skill level 15 in Summonings
 69414 | Zot:2    | Reached skill level 15 in Translocations
 69414 | Zot:2    | Reached skill level 15 in Transmutations
 69414 | Zot:2    | Reached skill level 15 in Ice Magic
 69414 | Zot:2    | Reached skill level 15 in Air Magic
 69414 | Zot:2    | Reached skill level 15 in Earth Magic
 69414 | Zot:2    | Reached skill level 15 in Poison Magic
 69769 | Zot:2    | Lost mutation: You possess an exceptional clarity of mind.
                  | [mutagenic glow]
 71232 | Zot:3    | Identified the amulet "Kofas" {Acrobat rF+ Str+4 Int-3}
 71767 | Zot:4    | Reached skill level 23 in Invocations
 72568 | Zot:5    | Entered Level 5 of the Realm of Zot
 73262 | Zot:5    | Noticed an ancient lich
 73277 | Zot:5    | Killed an ancient lich
 73305 | Zot:5    | Noticed an orb of fire
 73306 | Zot:5    | Noticed an orb of fire
 73309 | Zot:5    | Gained mutation: You are clumsy. (Dex -2) [an orb of fire]
 73310 | Zot:5    | Gained mutation: Scrolls take you a little longer to read.
                  | [an orb of fire]
 73311 | Zot:5    | Noticed an ancient lich
 73313 | Zot:5    | Noticed an ancient lich
 73314 | Zot:5    | HP: 11/287 [electric golem/bolt of lightning (12)]
 73316 | Zot:5    | HP: 5/287 [electric golem/bolt of lightning (4)]
 73322 | Zot:5    | Slain by an ancient lich

Illustrated notes

Levels and vault maps discovered:
D:1:      saegor_arrival_simple_d, layout_loops_ring, minmay_misc_feat_hallway,
          dk_noncrumbling_4, nicolae_ashenzari_panopticon
D:2:      kennysheep_six_static_rooms, layout_basic, okawaru_metal_pillars_1_2,
          old_standard_altar, chequers_ecumenical_altar_simple,
          kennysheep_another_room, mrwooster_statue_mirror, chequers_avenue,
          uniq_jessica
D:3:      layout_rooms, lemuel_doored_altar, cheibrodos_sewer_entry_drain,
          uniq_terence
D:4:      layout_gridville, lemuel_round_altar, columned_hall_lemuel
D:5:      layout_basic, first_ration, gammafunk_ghost_icy
D:6:      layout_gridville, minmay_temple_entry_fiery, uniq_prince_ribbit1
D:7:      gammafunk_steamed_eel, layout_rooms, brannock_xom_greatest_gift,
          fedhas_altar_3, gammafunk_temple_overflow_statue
D:8:      layout_basic, yredelemnul_altar_generic, grunt_livestock
D:9:      gammafunk_jiyva_shrine, layout_cave_pools, overflow_temple_1_default,
          hiddenorc2_lemuel, grunt_ministairs_6, hangedman_weighted_door,
          st_stairs_12, kennysheep_nub, serial_bayou_lagoon_a, uniq_harold
D:10:     layout_rooms, nicolae_dithmenos_through_a_glass_darkly
D:11:     layout_loops_ring, david_lair_shrubbed, uniq_grum
D:12:     layout_grid_maze, minmay_unpleasant_kobolds, uniq_snorg
D:13:     layout_irregular_city, enter_trove_3, serial_glass, glass_columns_c,
          glass_columns_b, glass_columns_a, glass_columns_b, glass_columns_a,
          glass_columns_a, feat_on_display, uniq_nessos, uniq_azrael,
          uniq_erolcha, uniq_urug
D:14:     layout_basic, david_vaults_3, kennysheep_donut, uniq_rupert
D:15:     hangedman_depths_entry_try_elsewhere_first, layout_irregular_city,
          serial_shops, nicolae_shop_behind_doors, nicolae_wwwww
Lair:1:   layout_loops_ring, lemuel_fruit_tree, serial_bayou_shore_b,
          grunt_megastairs_2, minmay_lair_oklob_chamber, serial_bayou_shore_a
Lair:2:   beast_lair_carwin_large_3, layout_layer_cave,
          chequers_serial_rivers_small_a, eino_small_chamber_without_monster,
          nicolae_quartered_pool_little, infiniplex_staircase_pool,
          grunt_megastairs_3
Lair:3:   layout_roguey
Lair:4:   layout_regular_city, shoals_dummy_entry, dummy_snake_entry,
          nicolae_volcano_entry_hallway
Lair:5:   layout_loops_ring, infiniplex_staircase_pool_2, grunt_megastairs_5
Lair:6:   hangedman_lair_tendril_chambers, layout_big_grid,
          guppyfry_lair_end_dragon, dpeg_slime_entry_enclosed_altar,
          grunt_forest_small_clearings, grunt_forest_large_clearing_hut
Shoals:1: layout_shoals, st_sunken_huts
Shoals:2: layout_shoals
Shoals:3: cheibrodos_shoals_oceanic_diplomacy, layout_shoals
Shoals:4: shoals_end_hangedman, layout_shoals
Snake:1:  layout_rooms
Snake:2:  layout_layer_cave, portal_ice_cave_entry_pillars_1,
          serial_bayou_pond_d, minmay_shop_star, uniq_aizul
Snake:3:  hangedman_cross_stitches, layout_onion, serial_shops, bzr_entry_islet,
          serial_bayou_pond_e, minmay_snake_pond, minmay_shoptagon
Snake:4:  grunt_snake_rune_serpentine_throne, layout_cave_town, serial_shops,
          nicolae_shop_competitors_out_of_business,
          gammafunk_ghost_berserking_beasts, serial_bayou_shore_b, uniq_roxanne
Slime:1:  layout_caves
Slime:2:  layout_caves
Slime:3:  layout_caves
Slime:4:  layout_caves
Slime:5
Orc:1:    layout_caves, uniq_josephine
Orc:2:    st_orc_town, layout_diamond_mine
Elf:1:    minmay_firetagon, layout_gridlike, serial_shops, nicolae_shop_stone,
          kennysheep_underground_church, roderic_lattice_octagonal_star
Elf:2:    layout_gridlike, gammafunk_ghost_arena, drop_trap
Elf:3:    minmay_elf_hall_dome, layout_geoelf_diagonals, serial_shops,
          nicolae_shop_waterfront
Vaults:1: hangedman_vaults_slice, vaults_room_grunt_arrival_ludios,
          nicolae_vaults_rhombus_6, st_lattice, serial_ice_h,
          vaults_room_corners, nicolae_vaults_asterisk, layout_vaults_omnigrid,
          uniq_donald
Vaults:2: v_rooms_3, hangedman_vaults_slice, hangedman_vaults_trim,
          vaults_dpeg_spiral, hangedman_vaults_restitches,
          hangedman_vaults_pinch, vaults_room_fours, v_misc_24,
          nicolae_vaults_specimen_jars, v_misc_13, grunt_vaults_focal,
          vaults_dpeg_diagonal, vaults_room_door_ring, dpeg_vaults_waves,
          layout_vaults_ring, serial_shops, bzr_entry_lakeside
Vaults:3: v_alt_pattern_4, v_misc_12, vaults_mumra_lcd,
          minmay_crypt_entry_simple_round, nicolae_vaults_little_squares_3,
          ontoclasm_vaults_idyll, v_misc_31, st_cross, vaults_dpeg_hooks,
          layout_vaults_chaotic_city, serial_shops, shop, uniq_nikola
Vaults:4: hangedman_vaults_cutoff, v_misc_1, vaults_dpeg_ring,
          ontoclasm_vaults_ring_square, nicolae_vaults_bisected_slash,
          hangedman_vaults_capsules, v_misc_15, vaults_mumra_minichess,
          v_misc_29, nicolae_vaults_hallways_thing, ontoclasm_vaults_gateway,
          v_misc_33, vaults_room_fancy_cross, vaults_dpeg_cross, v_misc_24,
          nicolae_vaults_little_squares_6, nicolae_vaults_little_squares_4,
          st_star, layout_vaults_maze_bifur, uniq_sojobo
Vaults:5: uniq_bai_suzhen, uniq_margery, uniq_mara
Crypt:1:  gammafunk_dig_for_victory, layout_chaotic_city, uniq_frederick,
          uniq_khufu
Depths:1: layout_roguey, pan_entry, serial_sigils_hangedman_gut, hell_entry,
          kennysheep_generic_room_16
Depths:2: minmay_the_grid_square_5x5_4x4_mashed
          [minmay_the_grid_square_5x5_fat_x, minmay_the_grid_square_5x5_corner,
          minmay_the_grid_square_5x5_trominoes,
          minmay_the_grid_square_5x5_lines, minmay_the_grid_square_5x5_inner_i,
          minmay_the_grid_square_5x5_prize_pseudospiral,
          minmay_the_grid_square_5x5_prize_open,
          minmay_the_grid_square_5x5_sharp_hourglass,
          minmay_the_grid_square_5x5_checkered_sparse,
          minmay_the_grid_square_5x5_prize_waves,
          minmay_the_grid_square_5x5_prize_open,
          minmay_the_grid_square_5x5_detours,
          minmay_the_grid_square_5x5_beaten_path,
          minmay_the_grid_square_5x5_almost_minimal,
          minmay_the_grid_square_5x5_broken_cross,
          minmay_the_grid_square_5x5_mess], layout_twisted_cross, hellmouth_1,
          abyss_entry_crystal, skrybe_limestone_x
Depths:3: kennysheep_windowed_halls, layout_cave_pools, serial_shops,
          nicolae_shop_waterfront, gammafunk_ghost_cemetery, pan_entry,
          nicolae_abyss_entry_one_way_or_another, hell_entry,
          minmay_misc_feat_five, grunt_decor_mini_mirrors
Depths:4: ragdoll_tomb_raider, layout_cave_pools, enter_ziggurat_c, hell_entry,
          hangedman_abyss_entry_splay, pan_entry, chequers_big_river,
          minmay_staircase_bubble
Depths:5: grunt_x_marks_the_spot, layout_cave_pools, hangedman_coc_ice_floe,
          nrook_mini_vaults, gammafunk_ghost_crypt, minmay_misc_feat_pillars,
          kennysheep_treasure_room
Zot:1:    gammafunk_mikee_crab_dinner, layout_onion, st_stairs_11
Zot:2:    layout_basic
Zot:3:    layout_onion_interference, grunt_ministairs_15, drop_trap,
          amethyst_zot_foddershock
Zot:4:    layout_misc_corridors, st_stairs_4
Zot:5:    layout_onion, lemuel_flame_loot_1

Skill      XL: |  1  2  3  4  5  6  7  8  9 10 11 12 13 14 15 16 17 18 19 20 21 22 23 24 25 26 27 |
---------------+----------------------------------------------------------------------------------+-----
Long Blades    | 1 2 3 4 5 6 7 8 9 10 11 12 13 14 15 16 18 | 18.4
Axes           | 1 2 3 4 5 6 7 8 9 10 11 12 13 14 15 16 18 | 18.4
Maces & Flails | 1 2 3 4 5 6 7 8 9 10 11 12 13 14 15 16 18 | 18.4
Polearms       | 1 2 3 4 5 6 7 8 9 10 11 12 13 14 15 16 18 | 18.4
Staves         | 1 2 3 4 5 6 7 8 9 10 11 12 13 14 15 16 17 19 | 19.9
Slings         | 1 2 3 4 5 6 7 8 9 10 11 12 13 14 15 16 18 | 18.4
Bows           | 1 2 3 4 5 6 7 8 9 10 11 12 13 14 15 16 18 | 18.4
Crossbows      | 1 2 3 4 5 6 7 8 9 10 11 12 13 14 15 16 18 | 18.4
Throwing       | 1 2 3 4 5 6 7 8 9 10 11 12 13 14 15 16 18 | 18.4
Dodging        | 1 2 3 4 5 6 7 8 9 10 11 12 13 14 15 16 18 | 18.4
Stealth        | 1 2 3 4 5 6 7 8 9 10 11 12 13 14 15 16 18 | 18.4
Unarmed Combat | 1 2 3 4 5 6 7 8 9 10 11 12 13 14 15 16 18 | 18.4
Spellcasting   | 1 2 3 4 5 6 7 8 9 10 11 12 13 14 15 16 18 | 18.4
Invocations    | 1 2 3 4 5 6 7 8 9 10 11 12 13 15 16 17 18 19 20 21 23 | 23.6
Evocations     | 1 2 3 4 5 6 7 8 9 10 11 12 13 14 15 16 18 | 18.4
Conjurations   | 1 2 3 4 5 6 7 8 9 10 11 12 13 14 15 | 15.8
Hexes          | 1 2 3 4 5 6 7 8 9 10 11 12 13 14 15 | 15.8
Charms         | 1 2 3 4 5 6 7 8 9 10 11 12 13 14 15 | 15.8
Summonings     | 1 2 3 4 5 6 7 8 9 10 11 12 13 14 15 | 15.8
Necromancy     | 1 2 3 4 5 6 7 8 9 10 11 12 13 14 15 17 | 17.7
Translocations | 1 2 3 4 5 6 7 8 9 10 11 12 13 14 15 | 15.8
Transmutations | 1 2 3 4 5 6 7 8 9 10 11 12 13 14 15 | 15.8
Fire Magic     | 1 2 3 4 5 6 7 8 9 10 11 12 13 14 15 16 18 | 18.6
Ice Magic      | 1 2 3 4 5 6 7 8 9 10 11 12 13 14 15 | 15.8
Air Magic      | 1 2 3 4 5 6 7 8 9 10 11 12 13 14 15 | 15.8
Earth Magic    | 1 2 3 4 5 6 7 8 9 10 11 12 13 14 15 | 15.8
Poison Magic   | 1 2 3 4 5 6 7 8 9 10 11 12 13 14 15 | 15.8
Short Blades   | 5 6 7 8 9 10 11 12 13 14 15 16 17 18 | 18.8
Fighting       | 7 8 9 10 11 12 13 14 15 16 17 19 | 19.1
Armour         | 7 8 9 10 11 12 13 14 15 16 17 19 | 19.1
Shields        | 7 8 9 10 11 12 13 14 15 16 17 19 | 19.1

Action                   |  1- 3 |  4- 6 |  7- 9 | 10-12 | 13-15 | 16-18 | 19-21 | 22-24 | 25-27 || total
-------------------------+-------+-------+-------+-------+-------+-------+-------+-------+-------++-------
Melee: Rapier            |    45 |    18 |    48 |       |       |       |       |       |       ||   111
       Bite              |     3 |    23 |    96 |   200 |   198 |   294 |   619 |   545 |   609 ||  2587
       Dagger            |       |   230 |   577 |  1188 |  1378 |   632 |       |       |       ||  4005
       Quick blade       |       |       |       |       |       |  1436 |  3195 |  2747 |  2993 || 10371
Throw: Javelin           |       |       |       |       |       |     6 |       |       |       ||     6
 Cast: Statue Form       |       |       |       |       |    31 |    82 |    10 |    13 |    55 ||   191
       Tukima's Dance    |       |       |       |       |     1 |       |       |       |       ||     1
       Invisibility      |       |       |       |       |       |       |    11 |    16 |    26 ||    53
       Borgnjor's Vile C |       |       |       |       |       |       |       |       |     3 ||     3
       Irradiate         |       |       |       |       |       |       |       |       |     6 ||     6
Invok: Curse Item        |       |       |     1 |     1 |     3 |     1 |     1 |       |     2 ||     9
       Scrying           |       |       |       |       |       |     1 |       |       |       ||     1
Evoke: Wand              |       |       |    10 |    11 |     3 |     5 |       |     4 |     5 ||    38
       Box of beasts     |       |       |       |       |       |       |     1 |       |     1 ||     2
  Use: Scroll            |       |     6 |    10 |     6 |    12 |    10 |     4 |     7 |    18 ||    73
       Potion            |       |     1 |     2 |       |     3 |     2 |       |     2 |     9 ||    19
 Stab: Sleeping          |       |       |       |       |    10 |     6 |    24 |    32 |    33 ||   105
       Distracted        |       |       |       |       |     5 |     3 |     1 |     4 |    10 ||    23
       Paralysed         |       |       |       |       |     1 |       |       |       |     1 ||     2
       Invisible         |       |       |       |       |       |       |    60 |    65 |   140 ||   265
       Confused          |       |       |       |       |       |       |     1 |     2 |       ||     3
  Eat: Chunk             |       |     7 |    15 |    29 |    40 |    37 |    45 |    33 |    31 ||   237
       Ration            |       |       |     1 |     1 |     2 |    11 |     1 |     3 |     9 ||    28
Armor: Scale mail        |    14 |    44 |       |       |       |       |       |       |       ||    58
       Chain mail        |       |    17 |   199 |   262 |   140 |       |       |       |       ||   618
       Skin              |       |       |       |       |   224 |   560 |    62 |   113 |   534 ||  1493
       Leather armour    |       |       |       |       |    19 |    11 |     1 |       |       ||    31
       Quicksilver drago |       |       |       |       |       |       |   357 |   284 |   147 ||   788
Dodge: Dodged            |     7 |    53 |   115 |   337 |   581 |  1096 |  1029 |   761 |  1433 ||  5412
Block: Kite shield       |    13 |   103 |   264 |   520 |   771 |  1351 |     9 |       |       ||  3031
       Buckler           |       |       |       |       |       |       |   811 |   808 |  1472 ||  3091
       Reflection        |       |       |       |       |       |       |    80 |    91 |   128 ||   299

Table legend:
 A = Non-vault XP
 B = Vault XP
 C = Vault XP percentage of total XP
 D = Non-vault monster count
 E = Vault monster count
 F = Vault count percentage of total count
                 A         B        C        D         E       F
            +---------+---------+-------+---------+---------+-------
      Total |  941562 |  695200 |  42.5 |    1616 |     843 |  34.3
            +---------+---------+-------+---------+---------+-------
        D:1 |      25 |       0 |   0.0 |      11 |       0 |   0.0
        D:2 |      58 |      47 |  44.8 |      20 |       7 |  25.9
        D:3 |     308 |      39 |  11.2 |      42 |       3 |   6.7
        D:4 |     483 |       0 |   0.0 |      26 |       0 |   0.0
        D:5 |     515 |       0 |   0.0 |      16 |       0 |   0.0
        D:6 |     919 |     241 |  20.8 |      21 |       1 |   4.5
        D:7 |     412 |     157 |  27.6 |       7 |       3 |  30.0
        D:8 |    3666 |    2142 |  36.9 |      39 |      15 |  27.8
        D:9 |    6274 |    1250 |  16.6 |      36 |      34 |  48.6
       D:10 |    3490 |     115 |   3.2 |      30 |       1 |   3.2
       D:11 |    4051 |     631 |  13.5 |      21 |       3 |  12.5
       D:12 |    7917 |    1367 |  14.7 |      54 |       7 |  11.5
       D:13 |    7245 |    4992 |  40.8 |      32 |       9 |  22.0
       D:14 |   16825 |    8127 |  32.6 |      57 |      20 |  26.0
       D:15 |   18665 |    2281 |  10.9 |      46 |       3 |   6.1
     Lair:1 |    3731 |     288 |   7.2 |      15 |       2 |  11.8
     Lair:2 |    2141 |    1502 |  41.2 |      13 |      14 |  51.9
     Lair:3 |    2494 |       0 |   0.0 |      13 |       0 |   0.0
     Lair:4 |     948 |       0 |   0.0 |       5 |       0 |   0.0
     Lair:5 |   11245 |    1374 |  10.9 |      27 |       7 |  20.6
     Lair:6 |    4931 |   15113 |  75.4 |      16 |      51 |  76.1
   Shoals:1 |    8159 |    7021 |  46.3 |      16 |       9 |  36.0
   Shoals:2 |   20050 |       0 |   0.0 |      42 |       0 |   0.0
   Shoals:3 |    9287 |    5296 |  36.3 |      25 |      10 |  28.6
   Shoals:4 |   16055 |   20612 |  56.2 |      39 |      35 |  47.3
    Snake:1 |    9687 |       0 |   0.0 |      15 |       0 |   0.0
    Snake:2 |   17275 |    1603 |   8.5 |      37 |       1 |   2.6
    Snake:3 |   24334 |    8530 |  26.0 |      46 |      17 |  27.0
    Snake:4 |   29809 |   40556 |  57.6 |      53 |      63 |  54.3
    Slime:1 |     517 |       0 |   0.0 |       1 |       0 |   0.0
    Slime:2 |    9366 |       0 |   0.0 |      17 |       0 |   0.0
    Slime:3 |    1727 |       0 |   0.0 |       6 |       0 |   0.0
    Slime:4 |    9769 |    3606 |  27.0 |      11 |       3 |  21.4
    Slime:5 |   19048 |   28665 |  60.1 |      37 |      10 |  21.3
      Orc:1 |    2661 |    1060 |  28.5 |      15 |       1 |   6.2
      Orc:2 |    1147 |    5070 |  81.6 |      12 |      59 |  83.1
      Elf:1 |    4259 |    6189 |  59.2 |       8 |      13 |  61.9
      Elf:2 |   26144 |   23157 |  47.0 |      39 |      28 |  41.8
      Elf:3 |   11687 |   38735 |  76.8 |      19 |      27 |  58.7
   Vaults:1 |   35861 |   14792 |  29.2 |      74 |      24 |  24.5
   Vaults:2 |   12092 |   26328 |  68.5 |      22 |      35 |  61.4
   Vaults:3 |   19869 |   25318 |  56.0 |      30 |      27 |  47.4
   Vaults:4 |   42173 |   32566 |  43.6 |      55 |      31 |  36.0
   Vaults:5 |   31438 |  140344 |  81.7 |      55 |      91 |  62.3
    Crypt:1 |     547 |       0 |   0.0 |       3 |       0 |   0.0
   Depths:1 |   40735 |       0 |   0.0 |      60 |       0 |   0.0
   Depths:2 |   36341 |   33558 |  48.0 |      47 |      39 |  45.3
   Depths:3 |   32916 |   27001 |  45.1 |      46 |      21 |  31.3
   Depths:4 |   35916 |   16747 |  31.8 |      51 |      12 |  19.0
   Depths:5 |   46090 |   53733 |  53.8 |      19 |      24 |  55.8
      Zot:1 |   60972 |   31085 |  33.8 |      31 |      17 |  35.4
      Zot:2 |   58223 |       0 |   0.0 |      35 |       0 |   0.0
      Zot:3 |   65093 |   17258 |  21.0 |      40 |       7 |  14.9
      Zot:4 |   61223 |    5790 |   8.6 |      37 |       3 |   7.5
      Zot:5 |   44749 |   26936 |  37.6 |      26 |       8 |  23.5
      Sewer |       0 |     155 | 100.0 |       0 |       6 | 100.0
      IceCv |       0 |   10573 | 100.0 |       0 |      29 | 100.0
    Volcano |       0 |    3250 | 100.0 |       0 |      13 | 100.0
            +---------+---------+-------+---------+---------+-------
